 Dungeon Crawl Stone Soup version 0.25-a0-322-g3677130 (webtiles) character file.

Game seed: 9560756795938535037, levelgen mode: deterministic

40 puppykicker the Vexing (level 3, -10/29 HPs)
             Began as a Hill Orc Arcane Marksman on Dec 27, 2019.
             Killed by nerve-wracking pain
             ... invoked by Jessica
              (11 damage)
             ... on level 2 of the Dungeon.
             The game lasted 00:04:40 (1383 turns).

puppykicker the Vexing (Hill Orc Arcane Marksman)   Turns: 1383, Time: 00:04:40

Health: -10/29     AC:  5    Str: 13    XL:     3   Next: 50%
Magic:  4/4        EV: 11    Int: 13    God:
Gold:   49         SH:  3    Dex: 11    Spells: 1/4 levels left

rFire    . . .     SeeInvis .   b - +0 hand axe
rCold    . . .     Gourm    .   c - +0 buckler
rNeg     . . .     Faith    .   e - +0 robe
rPois    .         Spirit   .   (no helmet)
rElec    .         Reflect  .   (no cloak)
rCorr    .         Harm     .   h - +0 pair of gloves
MR       .....                  j - +1 pair of boots
Stlth    +.........             (no amulet)
HPRegen  0.09/turn              s - -5 ring of slaying (curse)
MPRegen  0.09/turn              (no ring)

@: no status effects
A: no striking features
a: no special abilities


You were on level 2 of the Dungeon.
You were hungry.

You visited 1 branch of the dungeon, and saw 2 of its levels.

You collected 49 gold pieces.


   Skills:
 + Level 1.9 Fighting
 * Level 1.1 Axes
 + Level 2.2 Crossbows
 + Level 1.1 Armour
 - Level 1.5 Dodging
 + Level 1.2 Spellcasting
 + Level 3.2 Hexes


You had one spell level left.
You knew the following spells:

 Your Spells              Type           Power        Failure   Level  Hunger
a - Corona                Hex            #......      12%         1    ##.....
b - Slow                  Hex            #.......     19%         2    ###....

Your spell library contained the following spells:

 Spells                   Type           Power        Failure   Level  Hunger
 Inner Flame              Hex/Fire       #.......     56%         3    ####...
 Portal Projectile        Hex/Tloc       #.....       56%         3    ####...
 Cause Fear               Hex            #.........   75%         4    #####..
 Leda's Liquefaction      Hex/Erth       #.........   93%         4    #####..

Inventory:

Hand Weapons
 a - a +0 hand crossbow
 b - a +0 hand axe (weapon)
Missiles
 d - 20 bolts
Armour
 c - a +0 buckler (worn)
 e - a +0 robe (worn)
 h - a +0 pair of gloves (worn)
 j - a +1 pair of boots (worn)
Jewellery
 p - an uncursed ring of fire
 s - a cursed -5 ring of slaying (left hand)
Scrolls
 k - 2 scrolls of fear
 m - a scroll of magic mapping
Potions
 n - a potion of brilliance
Comestibles
 f - 3 rations
 r - a chunk of flesh {@w1}

Dungeon Overview and Level Annotations

Branches:
Dungeon (2/15)

Altars:

Annotations:
D:2 Jessica

**,**** ****,* # ##* *..*
*,,,,* # #.* *.**
*****,****## #.####.**
*,,,,,* ##.
####.....,,*******,#**** *#..
#........*,,,,,,,..#*****#..#
#.......#****###....,,,....##
#.......#####....#*****####*#
#..........g@@#*** #
#.......####### # #.......# #
#.......# # #.......#
#########


You could see Jessica and a hobgoblin.


Message History

You closely miss the hobgoblin.
The hobgoblin is severely wounded.
Jessica gestures wildly while chanting.
Jessica blinks!
The hobgoblin completely misses you.
You barely miss the hobgoblin.
The hobgoblin is severely wounded.
You barely miss Jessica. Jessica barely misses you.
The hobgoblin barely misses you. Jessica hits you but does no damage.
You closely miss the hobgoblin.
The hobgoblin is severely wounded.
You barely miss Jessica. The hobgoblin hits you with a +0 club.
* * * LOW HITPOINT WARNING * * *
Jessica closely misses you. The hobgoblin barely misses you.
You hit the hobgoblin.
The hobgoblin is almost dead.
You barely miss Jessica. Jessica closely misses you.
Jessica hits you with a +0 club.
* * * LOW HITPOINT WARNING * * *
You block the hobgoblin's attack.
You closely miss the hobgoblin.
The hobgoblin is almost dead.
You hit Jessica. Jessica hits you with a +0 club.
* * * LOW HITPOINT WARNING * * *
The hobgoblin barely misses you. Jessica barely misses you.
You closely miss the hobgoblin.
The hobgoblin is almost dead.
You hit Jessica but do no damage. Jessica gestures at you while chanting.
Pain shoots through your body!
You die...

Action                   || total
-------------------------++-------
Melee: Unarmed           ||     5
       Hand axe          ||   105
       Whip              ||    18
 Fire: Hand crossbow     ||    17
 Cast: Slow              ||     1
  Use: Scroll            ||     7
  Eat: Chunk             ||     1
Armor: Robe              ||    46
Dodge: Dodged            ||    96
Block: Buckler           ||    25

Levels and vault maps discovered:
D:1:      minmay_arrival_three_doors, layout_loops_ring
D:2:      layout_rooms, uniq_terence, uniq_jessica

Notes
Turn   | Place    | Note
-------+----------+-------------------------------------------
     0 | D:1      | puppykicker the Hill Orc Arcane Marksman began the quest
                  | for the Orb.
     0 | D:1      | Reached XP level 1. HP: 16/16 MP: 2/2
   372 | D:1      | Reached XP level 2. HP: 23/23 MP: 3/3
   386 | D:1      | Reached skill level 2 in Crossbows
   889 | D:1      | Learned a level 2 spell: Slow
   964 | D:2      | Reached XP level 3. HP: 28/29 MP: 4/4
  1003 | D:2      | Reached skill level 1 in Axes
  1003 | D:2      | Reached skill level 1 in Armour
  1322 | D:2      | Noticed Jessica
  1382 | D:2      | HP: 1/29 [Jessica/+0 club (3)]
  1383 | D:2      | Killed from afar by Jessica

Vanquished Creatures
  An ooze (D:1)
  A worm (D:2)
  A dart slug (D:1)
  3 giant cockroaches
  2 goblins (D:1)
  3 hobgoblins
  3 jackals (D:2)
  5 kobolds
  6 bats
  A frilled lizard (D:1)
  3 rats (D:2)
29 creatures vanquished.
